 Dungeon Crawl Stone Soup version 0.31-a0-692-gf03d185 (webtiles) character file.

Game seed: 17407397211920807446

1568 BarneyGumball the Cutter (level 8, -2/39 (42) HPs)
             Began as a Vine Stalker Brigand on Sept 6, 2023.
             Was a Believer of Nemelex Xobeh.
             Slain by a wight
             ... wielding a +4 morningstar
              (9 damage)
             ... on level 6 of the Dungeon.
             The game lasted 00:22:07 (5013 turns).

BarneyGumball the Cutter (Vine Stalker Brigand)     Turns: 5013, Time: 00:22:08

HP:   -2/39 (42)    AC: 12    Str: 16    XL:     8   Next: 90%
MP:   0/12          EV: 10    Int: 11    God:    Nemelex Xobeh [**....]
Gold: 226           SH:  0    Dex: 16    Spells: 7/7 levels left

rFire   . . .        v - +2 rapier (speed)
rCold   . . .        (no shield)
rNeg    . . .        n - +5 ring mail of Fabulous Amelioration {Fly}
rPois   .            f - +0 hat
rElec   .            c - +1 cloak
rCorr   .            (no gloves)
SInv    .            (no boots)
Will    +....        w - amulet of magic regeneration
Stlth   +++          (no ring)
HPRegen 1.06/turn    (no ring)
MPRegen 0.53/turn

%: guardian spirit
@: flying, drained
A: fangs 3, regeneration 1, magic shield, antimagic bite, no potion heal 2
a: Renounce Religion, Draw Escape, Draw Destruction, Draw Summoning


You were on level 6 of the Dungeon.
You worshipped Nemelex Xobeh.
Nemelex Xobeh was pleased with you.
You visited 1 branch of the dungeon, and saw 6 of its levels.

You collected 226 gold pieces.

Inventory:

Hand Weapons
 a - a +2 dagger of venom
 v - a +2 rapier of speed (weapon)
Missiles
 d - 9 poisoned darts (quivered)
 e - 11 curare-tipped darts
Armour
 c - a +1 cloak (worn)
 f - a +0 hat (worn)
 n - the +5 ring mail of Fabulous Amelioration (worn) {Fly}
   (You found it on level 2 of the Dungeon)

   Fly:       It grants you flight.
Jewellery
 w - an amulet of magic regeneration (around neck)
Wands
 o - a wand of flame (24)
 x - a wand of charming (6)
 z - a wand of iceblast (10)
Scrolls
 g - a scroll of vulnerability
 h - 4 scrolls of fog
 k - 2 scrolls of enchant armour
 p - a scroll of noise {unknown}
 r - 2 scrolls of blinking {unknown}
 s - a scroll of teleportation
 u - a scroll of torment
 y - a scroll of enchant weapon {unknown}
Potions
 b - 2 potions of brilliance
 i - 2 potions of enlightenment
 j - a potion of attraction
 l - 3 potions of might
 m - a potion of magic
 q - 8 potions of curing
 t - 2 potions of haste


   Skills:
 - Level 4.0 Fighting
 + Level 7.8 Short Blades
 - Level 1.7 Throwing
 - Level 0.7 Dodging
 - Level 7.0 Stealth
 - Level 4.0 Invocations


You had 7 spell levels left.
You didn't know any spells.
Your spell library contained the following spells:

 Spells                   Type           Power      Damage    Failure   Level
 Shock                    Conj/Air       0%         1d3       56%         1
 Cigotuvi's Dreadful Rot  Necr/Pois/Air  0%         N/A       71%         2
 Gell's Gravitas          Tloc           0%         N/A       90%         3
 Hailstorm                Conj/Ice       0%         3d3       90%         3
 Ignite Poison            Fire/Tmut/Pois 0%         N/A       90%         3
 Portal Projectile        Hex/Tloc       0%         N/A       90%         3
 Swiftness                Air            0%         N/A       90%         3
 Teleport Other           Tloc           0%         N/A       90%         3
 Tukima's Dance           Hex            0%         N/A       90%         3
 Airstrike                Air            0%         2d(0-16)  100%        4
 Dispel Undead            Necr           0%         3d6       100%        4
 Iskenderun's Mystic Bla  Conj/Tloc      0%         2d3       100%        4
 Leda's Liquefaction      Hex/Erth       0%         N/A       100%        4
 Passage of Golubria      Tloc           0%         N/A       100%        4
 Summon Ice Beast         Ice/Summ       0%         N/A       100%        4
 Freezing Cloud           Conj/Ice/Air   0%         6-21      100%        5
 Lee's Rapid Deconstruct  Erth           0%         3d4*      100%        5
 Yara's Violent Unravell  Hex/Tmut       0%         3d3       100%        5
 Death Channel            Necr           0%         N/A       100%        6
 Dispersal                Tloc           0%         N/A       100%        6
 Leda's Unmaking          Conj/Erth      0%         9d1       100%        6
 Simulacrum               Ice/Necr       0%         N/A       100%        6


Dungeon Overview and Level Annotations

Branches:
Dungeon (6/15)
 Temple: D:4-7

Altars:
Kikubaaqudgha
Makhleb
Nemelex Xobeh

Annotations:
D:3 1 runed translucent door, exclusion: door, Crazy Yiuf


Innate Abilities, Weirdness & Mutations

You have razor-sharp teeth.
Your natural rate of healing is unusually fast.
When hurt, damage is shared between your health and your magic reserves.
Your bite disrupts and absorbs the magic of your enemies.
Potions cannot restore your health.


Message History

The black bear is almost dead.
The black bear bites you! The black bear closely misses you. x2
You hit the black bear.
You kill the black bear!
Magic restored.
A wight comes into view. It is wielding a +0 mace.
Found Great Wizards, Vol.
VII.
Found 9 gold pieces.
The helpless wight fails to defend itself.
You skewer the wight like a kebab!!!
You destroy the wight! 3 wights and a steam dragon come into view.
The helpless steam dragon fails to defend itself.
You spit the steam dragon like a pig!!!
You kill the steam dragon!
Training target 4.0 for Fighting reached!
Your Fighting skill increases to level 4!
Things that are here:
a +0 mace; a +0 robe You see here Great Wizards, Vol.
VII.
The teleport trap disappears.
The wight disappears!
You see here Great Wizards, Vol.
VII.
You pick up Great Wizards, Vol.
VII and begin reading...
You add the spells Passage of Golubria and Yara's Violent Unravelling to your library.
The wight hits you with a +4 morningstar.
You barely miss the wight.
The wight hits you from afar with a +3 halberd!
You feel drained.
The wight hits you with a +4 morningstar!
You feel drained.
Okay, then.
You puncture the wight!
The wight is heavily damaged.
You hit the wight but do no damage.
The wight is heavily damaged.
The wight hits you from afar with a +3 halberd!
* * * LOW HITPOINT WARNING * * *
The wight hits you with a +4 morningstar!
You die...
Your body disappears without a glow.

### ### ### #.. ..#
#.# #.# #.# #.# #.#
#.# #.#####.# #z#
##.##.##.# #z#
...##.##.#######@#
##.##..........).#####
...##.##..##........$#
#..##.##..#####..###.#
.................#
...##.##..#####..#
.................#
...##.....#.###..#
#.........#.# #..#


You could see 2 wights.

Vanquished Creatures
  A steam dragon (D:6)
  A sky beast (D:5)
  An ice beast (D:6)
  2 black bears
  2 ogres
  A phantom (D:5)
  A bullfrog (D:6)
  2 scorpions
  A wight (D:6)
  A howler monkey (D:6)
  2 jellies (D:6)
  3 orc priests
  5 hounds
  A sleepcap (D:3)
  An iguana (D:5)
  An orc wizard (D:5)
  A gnoll (D:1)
  5 adders
  A white imp (D:4)
  An ufetubus (D:5)
  3 worms
  4 dart slugs
  7 orcs
  4 ball pythons
  10 endoplasms
  4 giant cockroaches (D:2)
  4 goblins
  11 hobgoblins
  6 jackals (D:3)
  8 kobolds
  8 quokkas
  6 bats
  5 frilled lizards
  4 rats
118 creatures vanquished.

Notes
Turn   | Place    | Note
-------+----------+-------------------------------------------
     0 | D:1      | BarneyGumball the Vine Stalker Brigand began the quest for
                  | the Orb.
     0 | D:1      | Reached XP level 1. HP: 11/11 MP: 2/2
    71 | D:1      | Reached skill level 5 in Stealth
   139 | D:1      | Reached XP level 2. HP: 15/15 MP: 3/3
   647 | D:1      | Reached XP level 3. HP: 13/18 MP: 2/4
  1159 | D:2      | Reached XP level 4. HP: 23/23 MP: 5/5
  1175 | D:2      | Identified the +5 ring mail of Fabulous Amelioration {Fly}
  2084 | D:3      | Found a sparkling altar of Nemelex Xobeh.
  2096 | D:3      | Found a runed translucent door.
  2097 | D:3      | Noticed Crazy Yiuf
  2189 | D:3      | Reached XP level 5. HP: 13/26 MP: 3/6
  2351 | D:3      | Identified the +1 robe of Xom's Approval {rPois Str-2
                  | Dex+2}
  2635 | D:3      | Became a worshipper of Nemelex Xobeh the Trickster
  2728 | D:4      | Upgraded the game from 0.31-a0-691-g409c26a to
                  | 0.31-a0-692-gf03d185
  2756 | D:4      | Reached skill level 1 in Invocations
  2756 | D:4      | Reached XP level 6. HP: 30/30 MP: 6/8
  3339 | D:5      | Entered Level 5 of the Dungeon
  3426 | D:5      | Reached * piety under Nemelex Xobeh
  3512 | D:5      | Received a gift from Nemelex Xobeh
  3523 | D:5      | Noticed a sky beast
  3559 | D:5      | Reached XP level 7. HP: 34/34 MP: 10/10
  3628 | D:5      | Reached skill level 5 in Short Blades
  4080 | D:5      | Gained mutation: You have razor-sharp teeth. [Vine Stalker
                  | growth]
  4080 | D:5      | Reached XP level 8. HP: 38/38 MP: 12/12
  4519 | D:5      | Found a burning altar of Makhleb.
  4521 | D:5      | Found an ancient bone altar of Kikubaaqudgha.
  4716 | D:6      | Reached ** piety under Nemelex Xobeh
  4824 | D:6      | Received a gift from Nemelex Xobeh
  5013 | D:6      | Slain by a wight

Illustrated notes

Levels and vault maps discovered:
D:1:      zelgadis_glass_arrival_small, layout_basic, minmay_tree_intersection
D:2:      layout_basic
D:3:      layout_loops_corners, mainiacjoe_overflow_alcove_2,
          uniq_crazy_yiuf_cottage
D:4:      layout_rooms, nrook_mini_backslash
D:5:      minmay_razor_zed, layout_basic, nicolae_overflow_squiral,
          minivault_14, kennysheep_another_room
D:6:      layout_basic, minmay_temple_entry_drinking_statues

Skill      XL: |  1  2  3  4  5  6  7  8 |
---------------+-------------------------+-----
Short Blades   | 2 3 4 6 7 |  7.8
Stealth        | 5 6 7 |  7.0
Invocations    | 1 3 4 |  4.0
Fighting       | 4 |  4.0
Throwing       | |  1.7
Dodging        | |  0.7

Action                     |  1- 3 |  4- 6 |  7- 9 || total
---------------------------+-------+-------+-------++-------
  Melee: Dagger            |    80 |   151 |    78 ||   309
         Bite              |    17 |    47 |    38 ||   102
         Punch             |     1 |     2 |       ||     3
         Rapier            |       |       |    41 ||    41
  Throw: Dart              |    20 |     8 |       ||    28
    Use: Potion            |       |     2 |       ||     2
         Scroll            |       |     7 |     6 ||    13
   Stab: Sleeping          |    11 |    16 |     7 ||    34
 Armour: Robe              |    28 |       |       ||    28
         Ring mail         |     8 |    82 |    68 ||   158
  Dodge: Dodged            |    23 |    38 |    34 ||    95

Table legend: (Time is in decaauts)
 A = Elapsed time spent in this place.
 B = Non-inter-level travel time spent in this place.
 C = Inter-level travel time spent in this place.
 D = Time resting spent in this place.
 E = Time spent auto-exploring this place.
 F = Levels seen in this place.
 G = Mean time per level.
                   A        B        C        D        E       F      G
               +--------+--------+--------+--------+--------+-----+--------+
         Total |   4913 |   4651 |    262 |     33 |   3425 |   6 |  818.8 |
       Dungeon |   4913 |   4651 |    262 |     33 |   3425 |   6 |  818.8 |
               +--------+--------+--------+--------+--------+-----+--------+

Top non-repeatable levels by time:
     D:5: 1299 daAuts
     D:3: 1059 daAuts
     D:1: 800 daAuts
     D:2: 790 daAuts
     D:4: 659 daAuts
     D:6: 303 daAuts
